 Dungeon Crawl Stone Soup version 0.31-a0-210-gccc998d (webtiles) character file.

Game seed: 15810446923902235746

3789 Dawnplanks the Thaumaturge (level 9, -4/69 HPs)
             Began as a Grey Draconian Conjurer on June 30, 2023.
             Was a Follower of Vehumet.
             Slain by a vault guard
             ... wielding a +0 broad axe
              (13 damage)
             ... in a bailey.
             The game lasted 00:20:14 (8086 turns).

Dawnplanks the Thaumaturge (DrCj)                   Turns: 8086, Time: 00:20:16

Health: -4/69      AC: 13    Str: 10    XL:     9   Next: 95%
Magic:  16/22      EV: 13    Int: 29    God:    Vehumet [*.....]
Gold:   348        SH:  5    Dex:  9    Spells: 22/26 levels left

rFire   . . .        q - +2 hand axe (vamp)
rCold   . . .        (no shield)
rNeg    . . .        (body armour unavailable)
rPois   +            (helmet restricted)
rElec   .            (no cloak)
rCorr   .            (no gloves)
SInv    .            u - +0 pair of boots
Will    .....        x - amulet of reflection
Stlth   ++           l - +6 ring of intelligence
HPRegen 0.31/turn    p - ring of poison resistance
MPRegen 0.18/turn

%: reflection
@: no status effects
A: AC +12, amphibious, unfitting armour, cold-blooded
a: Renounce Religion


You were in a bailey.
You worshipped Vehumet.
Vehumet was aware of your devotion.
You visited 2 branches of the dungeon, and saw 8 of its levels.
You also visited: Bailey.

You collected 348 gold pieces.

Inventory:

Hand Weapons
 q - a +2 vampiric hand axe (weapon)
Armour
 j - a scarf of shadows
 u - a +0 pair of boots (worn)
Jewellery
 l - a +6 ring of intelligence (left hand)
 p - a ring of poison resistance (right hand)
 r - a ring of protection from cold
 w - a ring of flight
 x - an amulet of reflection (around neck)
Wands
 b - a wand of light (6)
Scrolls
 c - 3 scrolls of noise {unknown}
 d - a scroll of enchant armour {unknown}
 e - 2 scrolls of revelation {unknown}
 g - 2 scrolls of vulnerability {unknown}
 k - 2 scrolls of identify {unknown}
 n - a scroll of teleportation {unknown}
 s - a scroll of enchant weapon {unknown}
 v - a scroll of blinking {unknown}
Potions
 a - 2 potions of magic
 f - 2 potions of brilliance {unknown}
 h - 4 potions of curing
 i - a potion of invisibility {unknown}
 o - a potion of heal wounds {unknown}
 t - a potion of haste {unknown}
 z - a potion of degeneration {unknown}


   Skills:
 + Level 3.1 Fighting
 + Level 0.7 Short Blades
 + Level 2.2 Axes
 + Level 4.5 Dodging
 - Level 2.3 Stealth
 + Level 2.0 Shields
 + Level 9.2 Spellcasting
 + Level 8.6 Conjurations
 * Level 2.2 Earth Magic


You had 22 spell levels left.
You knew the following spells:

 Your Spells              Type           Power      Damage    Failure   Level
a - Magic Dart            Conj           100%       1d8       1%          1
b - Searing Ray           Conj           100%       2d8       1%          2
c - Sandblast             Erth           52%        2d12      1%          1

Your spell library contained the following spells:

 Spells                   Type           Power      Damage    Failure   Level
 Dazzling Flash           Conj/Hex       76%        N/A       1%          3
 Necrotise                Necr           52%        1d6       4%          1
 Cigotuvi's Dreadful Rot  Necr/Pois/Air  26%        N/A       6%          2
 Fulminant Prism          Conj/Hex       19%        3d11      7%          4
 Iskenderun's Mystic Bla  Conj/Tloc      38%        2d9       7%          4
 Ignite Poison            Fire/Tmut/Pois 13%        N/A       12%         3
 Vampiric Draining        Necr           13%        2d6       12%         3
 Freezing Cloud           Conj/Ice/Air   15%        6-21      34%         5
 Agony                    Necr           13%        N/A       75%         5


Dungeon Overview and Level Annotations

Branches:
Dungeon (7/15)             Temple (1/1) D:6          Bailey (1/1)

Altars:
Ashenzari
Cheibriados
Elyvilon
Fedhas
Gozag
Hepliaklqana
Kikubaaqudgha
Makhleb
Nemelex Xobeh
Okawaru
Qazlal
Ru
Sif Muna
Trog
Uskayaw
Vehumet
Wu Jian
Xom
Yredelemnul
Zin
The Shining One

Shops:
D:4 *   D:6 (


Innate Abilities, Weirdness & Mutations

Your dull iron-grey scales are very hard. (AC +12)
You are amphibious.
You cannot fit into any form of body armour.
You are cold-blooded and may be slowed by cold attacks.


Message History

Press: ? - help, Shift-Dir - straight line, f/p - vault guard
Aim: a vault guard, wielding a +0 broad axe and wearing a +0 plate armour (severely wounded, chance to affect: 29%)
The vault guard easily resists.
The vault guard splashes around in the water.
Aiming: Mindburst
Press: ? - help, Shift-Dir - straight line, f/p - vault guard
Aim: a vault guard, wielding a +0 broad axe and wearing a +0 plate armour (severely wounded, chance to affect: 29%)
The vault guard easily resists.
The vault guard completely misses you.
Aiming: Mindburst
Press: ? - help, Shift-Dir - straight line, f/p - vault guard
Aim: a vault guard, wielding a +0 broad axe and wearing a +0 plate armour (severely wounded, chance to affect: 29%)
The vault guard easily resists.
The vault guard barely misses you.
Aiming: Mindburst
Press: ? - help, Shift-Dir - straight line, f/p - vault guard
Aim: a vault guard, wielding a +0 broad axe and wearing a +0 plate armour (severely wounded, chance to affect: 29%)
The vault guard's mind is blasted!
The now-empty wand crumbles to dust.
The vault guard closely misses you.
Aiming: Bolt of Light
Press: ? - help, Shift-Dir - straight line, f/p - vault guard
Aim: a vault guard, wielding a +0 broad axe and wearing a +0 plate armour (almost dead, 71% to hit)
The bolt of light misses the vault guard.
The vault guard splashes around in the water.
Aiming: Bolt of Light
Press: ? - help, Shift-Dir - straight line, f/p - vault guard
Aim: a vault guard, wielding a +0 broad axe and wearing a +0 plate armour (almost dead, 71% to hit)
The bolt of light hits the vault guard but does no damage.
The vault guard is almost dead.
The vault guard is blinded.
The vault guard barely misses you.
Aiming: Bolt of Light
Press: ? - help, Shift-Dir - straight line, f/p - vault guard
Aim: a vault guard, wielding a +0 broad axe and wearing a +0 plate armour (almost dead, blind, 71% to hit)
The bolt of light hits the vault guard.
The vault guard is almost dead.
You block the vault guard's attack.
Aiming: Bolt of Light
Press: ? - help, Shift-Dir - straight line, f/p - vault guard
Aim: a vault guard, wielding a +0 broad axe and wearing a +0 plate armour (almost dead, blind, 71% to hit)
The bolt of light misses the vault guard.
The vault guard hits you with a +0 broad axe!
You die...

#≈~~~..~...~≈≈≈.#
#≈~~~~..~.~≈###'#
#≈~~~.~..~≈## ..#
###≈~~~...~~≈# ..~#
##.#≈~~~...~≈##..~##
##..##≈~~~..~≈#?.p~
##....#≈~≈≈~.~≈#?.~#
#.....##≈##≈.~≈####
#......####≈.†~@#
#..)...††.#≈..p≈#
###)####†.###)###
##~~~##...#.....#
#~~))~#...#.....#
#~~~~~#...####).#
#~~~~~#....#....#
##~~#'#+#..†)..##
####..)##....##


You could see a vault guard (blind).

Vanquished Creatures
  Prince Ribbit (Bailey)
  Sigmund (D:4)
  7 humans (Bailey)
  An ogre (D:5)
  An orc warrior (D:6)
  A black bear (D:5)
  A centaur (D:5)
  A phantom (D:4)
  12 bullfrogs (Bailey)
  5 necrophages (D:6)
  A scorpion (D:5)
  A water moccasin zombie (D:3)
  2 bullfrog zombies (D:6)
  5 orc priests
  6 hounds
  A centaur skeleton (D:3)
  2 iguanas
  A sleepcap (D:6)
  2 orc wizards
  Terence (D:2)
  A hound skeleton (D:3)
  6 gnolls
  11 adders
  A shadow imp (D:5)
  An ufetubus (D:4)
  An adder zombie (D:3)
  A worm (D:3)
  2 dart slugs (D:2)
  18 orcs
  7 bats
  12 endoplasms
  3 giant cockroaches
  10 goblins
  10 hobgoblins
  2 jackals (D:2)
  9 kobolds
  3 quokkas
  5 ball pythons
  2 frilled lizards (D:1)
  5 rats
163 creatures vanquished.

Notes
Turn   | Place    | Note
-------+----------+-------------------------------------------
     0 | D:1      | Dawnplanks the Draconian Conjurer began the quest for the
                  | Orb.
     0 | D:1      | Reached XP level 1. HP: 14/14 MP: 3/3
   224 | D:1      | Reached XP level 2. HP: 20/20 MP: 1/5
   985 | D:2      | Reached XP level 3. HP: 26/26 MP: 4/6
  1036 | D:2      | Learned a level 2 spell: Searing Ray
  1103 | D:2      | Noticed Terence
  1110 | D:2      | Killed Terence
  1301 | D:2      | Reached skill level 5 in Conjurations
  1301 | D:2      | Reached XP level 4. HP: 33/33 MP: 3/7
  1803 | D:2      | Found a faded altar of an unknown god.
  1896 | D:3      | Found a hide-covered altar of Uskayaw.
  2175 | D:3      | Found a sparkling altar of Nemelex Xobeh.
  2327 | D:3      | Reached skill level 3 in Spellcasting
  2538 | D:3      | Reached XP level 5. HP: 38/38 MP: 5/10
  2812 | D:3      | Reached skill level 4 in Spellcasting
  3142 | D:3      | Reached XP level 6. HP: 35/45 MP: 4/12
  3677 | D:4      | Reached skill level 5 in Spellcasting
  3812 | D:4      | Noticed Sigmund
  3817 | D:4      | Killed Sigmund
  3818 | D:4      | Reached skill level 1 in Fighting
  3818 | D:4      | Your scales start taking on a dull iron-grey colour.
  3818 | D:4      | Reached XP level 7. HP: 48/52 MP: 8/15
  4097 | D:4      | Found Durez's Fire Supplies.
  4145 | D:5      | Entered Level 5 of the Dungeon
  4264 | D:5      | Reached skill level 6 in Spellcasting
  4418 | D:5      | Found a broken altar of Ashenzari.
  4757 | D:5      | Reached XP level 8. HP: 59/59 MP: 11/18
  5138 | D:5      | Reached skill level 7 in Spellcasting
  5201 | D:5      | Found a sacrificial altar of Ru.
  5294 | D:5      | Found a burning altar of Makhleb.
  5377 | D:5      | Found an ancient bone altar of Kikubaaqudgha.
  5407 | D:5      | Found a snail-covered altar of Cheibriados.
  5952 | D:6      | Found a shimmering blue altar of Sif Muna.
  6098 | D:6      | Found a staircase to the Ecumenical Temple.
  6149 | Temple   | Entered the Ecumenical Temple
  6210 | Temple   | Became a worshipper of Vehumet
  6358 | D:6      | Found Ibbep's Weapon Emporium.
  6385 | D:6      | Found a blossoming altar of Fedhas.
  6859 | D:6      | Reached skill level 8 in Spellcasting
  7217 | D:7      | Found a flagged portal.
  7276 | Bailey   | Entered a bailey
  7294 | Bailey   | Reached XP level 9. HP: 14/66 MP: 6/21
  7327 | Bailey   | HP: 2/67 [human/+0 war axe (5)]
  7720 | Bailey   | Reached skill level 1 in Axes
  7734 | Bailey   | Reached skill level 1 in Shields
  7740 | Bailey   | Reached skill level 9 in Spellcasting
  7802 | Bailey   | Reached * piety under Vehumet
  7802 | Bailey   | Offered knowledge of Sandblast by Vehumet.
  7805 | Bailey   | Learned a level 1 spell: Sandblast
  7863 | Bailey   | Reached skill level 1 in Earth Magic
  7926 | Bailey   | Noticed Prince Ribbit
  7933 | Bailey   | Killed Prince Ribbit
  8046 | Bailey   | Noticed a vault guard
  8086 | Bailey   | Slain by a vault guard

Illustrated notes

Levels and vault maps discovered:
D:1:      lemuel_arrival_rhombus, layout_rooms, st_stairs_6, minmay_ruptured
D:2:      layout_basic, shapermc_ecumenical_altar_hornbeckon, uniq_terence
D:3:      layout_loops_ring, nicolae_uskayaw_murder_on_the_dancefloor,
          nemelex_xobeh_ov_fountains_minmay, serial_undead, serial_undead_b,
          serial_undead_d, serial_undead_e, serial_undead_e, nicolae_half_adder
D:4:      layout_rooms, nicolae_shop_fire_sale [nicolae_sub_dead_trees],
          uniq_sigmund
D:5:      layout_basic, makhleb_heckhound_becter, nicolae_ashenzari_panopticon,
          cheibriados_altar_2, mainiacjoe_overflow_cross_hatched,
          mainiacjoe_overflow_boulevard
D:6:      layout_basic, old_standard_altar, fedhas_altar_decomposition,
          minmay_temple_entry_overgrown, serial_shops, shop,
          corexii_item_surrounded_by_moat
D:7:      layout_loops_corners, enter_bailey_4
Temple:   hellmonk_temple_two_chambers
Bailey:   bailey_axe_froggy_fort_hellmonk, bailey

Skill      XL: |  1  2  3  4  5  6  7  8  9 |
---------------+----------------------------+-----
Stealth        | 2 |  2.3
Dodging        | 2 3 4 |  4.5
Conjurations   | 5 6 7 8 |  8.6
Spellcasting   | 3 4 5 6 8 9 |  9.2
Fighting       | 1 3 |  3.1
Axes           | 2 |  2.2
Shields        | 2 |  2.0
Earth Magic    | 2 |  2.2
Short Blades   | |  0.7

Action                     |  1- 3 |  4- 6 |  7- 9 || total
---------------------------+-------+-------+-------++-------
  Melee: Unarmed           |     4 |       |       ||     4
         Dagger            |       |    10 |       ||    10
         Club              |       |     5 |       ||     5
         Punch             |       |     1 |     1 ||     2
         Hand axe          |       |       |    42 ||    42
         Tailslap          |       |       |     4 ||     4
   Cast: Magic Dart        |    55 |   117 |   210 ||   382
         Searing Ray       |     2 |     8 |    39 ||    49
         Sandblast         |       |       |     2 ||     2
  Evoke: Wand              |       |       |    17 ||    17
    Use: Potion            |       |       |     1 ||     1
 Armour: Skin              |       |    17 |    99 ||   116
  Dodge: Dodged            |     6 |    46 |   131 ||   183
  Block: Other             |       |       |    30 ||    30
         Reflection        |       |       |     1 ||     1

Table legend: (Time is in decaauts)
 A = Elapsed time spent in this place.
 B = Non-inter-level travel time spent in this place.
 C = Inter-level travel time spent in this place.
 D = Time resting spent in this place.
 E = Time spent auto-exploring this place.
 F = Levels seen in this place.
 G = Mean time per level.
                   A        B        C        D        E       F      G
               +--------+--------+--------+--------+--------+-----+--------+
         Total |   8107 |   7832 |    275 |    187 |   6481 |   9 |  900.8 |
       Dungeon |   7219 |   6954 |    265 |    187 |   5854 |   7 | 1031.3 |
        Temple |     67 |     57 |     10 |      0 |     53 |   1 |   67.0 |
        Bailey |    820 |    820 |      0 |      0 |    574 |   1 |  820.0 |
               +--------+--------+--------+--------+--------+-----+--------+

Top non-repeatable levels by time:
     D:6: 1485 daAuts
     D:3: 1447 daAuts
     D:5: 1350 daAuts
     D:2: 1008 daAuts
     D:1: 896 daAuts
     D:4: 872 daAuts
  Bailey: 820 daAuts
     D:7: 157 daAuts
  Temple: 67 daAuts
